Bears vs Wolves (R1)

Created - November 4, 2022 at 19:26

Goals
1 2 3 OT1 SO T
Bears 1 2 0 0 2 4
Wolves 0 2 1 0 0 3
Shots
1 2 3 OT1 SO T
Bears 19 9 11 2 2 41
Wolves 12 9 9 1 2 31

1st period

1. Bears , A.J. Jenks 1 (Austin Wuthrich 1, Dylan Gambrell 1) at 16:00

Penalties :
Kerby Rychel (Her) for Hooking (Minor) at 2:43, Eric Robinson (Chi) for Tripping (Minor) at 12:34, Anton Lindholm (Chi) for High sticking (Minor) at 18:40

2nd period

2. Bears , A.J. Jenks 2 (Taylor Aronson 2, Dylan Gambrell 2) at 3:43
3. Wolves , Maksim Sushko 1 (Fredrik Olofsson 2, Antti Suomela 2) at 11:56
4. Wolves , Thomas Spelling 2 (Jake Evans 3, Dylan Coghlan 2) at 12:24
5. Bears , Nicolas Aube-Kubel 5 (Mike Hoffman 4) at 14:00

Penalties :
Antti Suomela (Chi) for Holding (Minor) at 6:14, Maksim Sushko (Chi) for Holding (Minor) at 9:49, Jake Evans (Chi) for Hooking (Minor) at 18:16

3rd period

6. Wolves , Eric Robinson 2 (Thomas Spelling 3, Jake Evans 4) at 9:29

Penalties :
Jake Evans (Chi) for Roughing (Minor) at 5:40

Overtime #1

No Goal

Penalties :
No Penalty

Shootout

Bears, Max Friberg - Goal!
Wolves, Victor Olofsson - Stopped by Magnus Hellberg
Bears, Kerby Rychel - Goal!
Wolves, Antti Suomela - Stopped by Magnus Hellberg

Penalties :
No Penalty

Goalie Stats

Magnus Hellberg (Her), 28 saves from 31 shots - (0.903), W, 1-0-0, 65:00 minutes
Ebbe Siönäs (Chi), 38 saves from 41 shots - (0.927), OTL, 1-0-2, 65:00 minutes

Players Stats for Bears

Player Name              G  A  P  +/- PIM S  H  SB GA TA FO     MP     PP MP  PK MP  
------------------------------------------------------------------------------------
A.J. Jenks               2  0  2   1  0   4  2  1  0  0  0/0    13:51   0:03   0:39 
Angelo Esposito          0  0  0   1  0   1  0  0  0  0  5/6    18:25   5:22   0:26 
Austin Wuthrich          0  1  1   1  0   2  0  0  0  0  0/1    13:15   0:00   0:44 
Ben Hutton               0  0  0  -1  0   0  5  3  3  1  0/0    30:19   6:28   0:38 
Brett Bulmer             0  0  0  -1  0   1  1  0  0  0  0/0     6:42   0:00   0:00 
Derek Forbort            0  0  0   1  0   1  1  0  0  0  0/0    11:18   0:57   0:00 
Dylan Gambrell           0  2  2   1  0   0  1  0  0  0  1/2    11:59   0:00   0:00 
Jamie McGinn             0  0  0  -1  0   2  1  0  0  0  1/1     7:29   0:00   0:00 
Joey Laleggia            0  0  0  -1  0   3  3  2  0  1  0/0    29:37   6:28   0:38 
Kerby Rychel             0  0  0  -1  2   5  1  1  1  0  2/3    23:37   6:29   0:00 
Max Friberg              0  0  0  -1  0   5  0  1  2  1  2/5    24:34   6:32   0:57 
Mike Hoffman             0  1  1   1  0   5  3  1  0  1  1/1    20:04   5:22   0:36 
Mikko Vainonen           0  0  0   0  0   2  1  0  0  0  0/0    24:03   4:27   1:21 
Nicolas Aube-Kubel       1  0  1   1  0   3  3  0  1  0  2/2    20:04   5:22   0:36 
Taylor Aronson           0  1  1   0  0   1  0  1  1  0  0/0    23:21   4:27   1:21 
Tommy Vannelli           0  0  0   1  0   1  1  0  0  0  0/0    11:22   1:01   0:00 
Vincent Dunn             0  0  0  -1  0   1  0  0  0  0  2/5     6:42   0:00   0:00 
Zach Stepan              0  0  0  -1  0   4  1  0  1  1  16/37  21:18   6:32   0:00 

Players Stats for Wolves

Player Name              G  A  P  +/- PIM S  H  SB GA TA FO     MP     PP MP  PK MP  
------------------------------------------------------------------------------------
Anton Lindholm           0  0  0  -3  2   1  3  2  1  1  0/0    29:51   1:12   5:26 
Antti Suomela            0  1  1   0  2   2  2  1  1  0  9/19   24:52   1:00   6:06 
Corey Shueneman          0  0  0   0  0   1  0  4  1  0  0/0    22:03   0:47   4:09 
Dylan Coghlan            0  1  1   3  0   1  0  2  0  1  0/0    12:23   0:00   2:01 
Eric Robinson            1  0  1   2  2   2  0  1  0  0  0/1    14:41   0:55   1:51 
Fredrik Olofsson         0  1  1  -2  0   4  0  0  0  0  0/0    11:33   0:00   0:09 
Hayden Hodgson           0  0  0   0  0   0  1  1  0  1  0/2    16:24   1:00   0:00 
Jake Evans               0  2  2   2  4   2  2  0  0  1  4/8    16:59   0:55   2:36 
Jakub Zboril             0  0  0   0  0   0  1  0  0  1  0/0    22:03   0:47   4:09 
Jalen Chatfield          0  0  0  -3  0   1  4  4  1  2  0/0    28:54   1:12   6:55 
Jesper Boqvist           0  0  0  -2  0   2  1  0  0  0  4/9    12:25   0:00   1:01 
Joona Koppanen           0  0  0   0  0   0  0  0  0  0  0/0     3:00   0:00   2:18 
Kieffer Bellows          0  0  0   0  0   0  0  0  0  1  0/0     6:34   0:00   0:00 
Liam O'Brien             0  0  0   0  0   0  0  0  0  0  4/5     6:34   0:00   0:00 
Maksim Sushko            1  0  1  -2  2   2  1  0  0  0  0/1    11:50   0:04   0:00 
Matthew Kiersted         0  0  0   0  0   0  0  0  0  0  0/0     4:04   0:00   0:50 
Parker Kelly             0  0  0   0  0   0  0  0  0  0  0/0     1:34   0:04   0:00 
Samuel Girard            0  0  0   3  0   2  1  1  0  0  0/0    10:41   0:00   0:18 
Sasha Chmelevski         0  0  0   0  0   0  0  0  0  0  0/0     2:05   0:04   0:00 
Stelio Mattheos          0  0  0   0  0   0  0  0  0  0  0/0     6:34   0:00   0:00 
Thomas Spelling          1  1  2   2  0   6  3  1  0  0  0/0    17:59   0:55   3:38 
Victor Olofsson          0  0  0   0  0   5  2  1  1  1  10/18  24:57   1:00   6:09 

3 Stars

1 - A.J. Jenks (Her)
2 - Thomas Spelling (Chi)
3 - Nicolas Aube-Kubel (Her)

Power Play

Bears - 0 on 6 Attempt(s) - 0.00%
Wolves - 0 on 1 Attempt(s) - 0.00%

Penalty Kill

Bears - 1 on 1 Attempt(s) - 100.00% - Score 0 goal in Penalty Kill
Wolves - 6 on 6 Attempt(s) - 100.00% - Score 0 goal in Penalty Kill

Team Stat

Bears - Hits : 24 - Faceoff Wins : 32 - Blocked Shots : 10 - Penalty Minutes : 2
Wolves - Hits : 21 - Faceoff Wins : 31 - Blocked Shots : 18 - Penalty Minutes : 12

Official

Referees : Ghislain Hebert and Dan O'Rourke
Linesman : Brad Kovachik and Jonny Murray

Game Notes

No Game Note

Finance

Level 1 -- Attendance: 1925 (96.25%) -- Ticket Income $67,375
Level 2 -- Attendance: 963 (96.30%) -- Ticket Income $14,445
Total Attendance: 2888 (96.27%)
Total Ticket Income: $81,820
Other Income: $4,091
Total Income: $85,911

Bears

5 vs 5 Forward 
   Center                   Left Wing                Right Wing               Time % Phy DF OF 
 1 Zach Stepan              Kerby Rychel             Max Friberg              40     1   2  2  
 2 Angelo Esposito          Mike Hoffman             Nicolas Aube-Kubel       30     1   2  2  
 3 Dylan Gambrell           A.J. Jenks               Austin Wuthrich          20     1   2  2  
 4 Vincent Dunn             Jamie McGinn             Brett Bulmer             10     1   2  2  

5 vs 5 Defense 
   Defense                  Defense                                           Time % Phy DF OF 
 1 Ben Hutton               Joey Laleggia                                     40     1   2  2  
 2 Taylor Aronson           Mikko Vainonen                                    30     1   2  2  
 3 Tommy Vannelli           Derek Forbort                                     20     1   2  2  
 4 Ben Hutton               Joey Laleggia                                     10     1   2  2  

PowerPlay Forward 
   Center                   Left Wing                Right Wing               Time % Phy DF OF 
 1 Zach Stepan              Kerby Rychel             Max Friberg              60     1   2  2  
 2 Angelo Esposito          Mike Hoffman             Nicolas Aube-Kubel       40     1   2  2  

PowerPlay Defense
   Defense                  Defense                                           Time % Phy DF OF 
 1 Ben Hutton               Joey Laleggia                                     60     1   2  2  
 2 Taylor Aronson           Mikko Vainonen                                    40     1   2  2  

Penalty Kill 4 Players Forward 
   Center                   Wing                     Time % Phy DF OF 
 1 Max Friberg              Kerby Rychel             60     1   2  2  
 2 Nicolas Aube-Kubel       Mike Hoffman             40     1   2  2  

Penalty Kill 4 Players Defense
   Defense                  Defense                  Time % Phy DF OF 
 1 Ben Hutton               Joey Laleggia            60     1   2  2  
 2 Taylor Aronson           Mikko Vainonen           40     1   2  2  

Penalty Kill - 3 Players Forward 
   Forward                                           Time % Phy DF OF 
 1 Max Friberg                                       60     1   2  2  
 2 Kerby Rychel                                      40     1   2  2  

Penalty Kill - 3 Players Defense
   Defense                  Defense                  Time % Phy DF OF 
 1 Ben Hutton               Joey Laleggia            60     1   2  2  
 2 Taylor Aronson           Mikko Vainonen           40     1   2  2  

4 vs 4 Forward 
   Center                   Wing                     Time % Phy DF OF 
 1 Max Friberg              Kerby Rychel             60     1   2  2  
 2 Nicolas Aube-Kubel       Mike Hoffman             40     1   2  2  

4 vs 4 Defense
   Defense                  Defense                  Time % Phy DF OF 
 1 Ben Hutton               Joey Laleggia            60     1   2  2  
 2 Taylor Aronson           Mikko Vainonen           40     1   2  2  

Last Minutes Offensive
   Center                   Left Wing                Right Wing               Defense                  Defense                  
   Zach Stepan              Kerby Rychel             Max Friberg              Ben Hutton               Joey Laleggia            

Last Minutes Defensive
   Center                   Left Wing                Right Wing               Defense                  Defense                  
   Zach Stepan              Kerby Rychel             Max Friberg              Ben Hutton               Joey Laleggia            

Goaltenders
Starting : Magnus Hellberg          
Backup : Jake Allen               

Extra Forwards
Normal : A.J. Jenks, Jamie McGinn, Austin Wuthrich - PP : A.J. Jenks, Jamie McGinn - PK : Austin Wuthrich
Extra Defensemen
Normal : Tommy Vannelli, Derek Forbort, Taylor Aronson - PP : Tommy Vannelli - PK : Derek Forbort, Taylor Aronson
Penalty Shots
Max Friberg, Kerby Rychel, Nicolas Aube-Kubel, Mike Hoffman, A.J. Jenks

Scratches
Caleb Jones (Healthy), Colby Cave (Healthy), Emil Johansson (Healthy), Gianluca Curcuruto (Healthy), Jesper Pettersson (Healthy)
David Farrance (Healthy), Mackenze Stewart (Healthy), Zack Hayes (Healthy), Jacob Bryson (Healthy), Mario Ferraro (Healthy)
Michael Prapavessis (Healthy), Will Reilly (Healthy), Kristians Rubins (Healthy), Nikolay Prokhorkin (Healthy), Ryan Graves (Healthy)
Isaac Ratcliffe (Healthy), Cole Smith (Healthy), Warren Foegele (Healthy), Logan O'Connor (Healthy), Nicholas Caamano (Healthy)
Jakob Stenqvist (Healthy), Arvid Henrikson (Healthy), Kirill Maksimov (Healthy)

Wolves

5 vs 5 Forward 
   Center                   Left Wing                Right Wing               Time % Phy DF OF 
 1 Antti Suomela            Hayden Hodgson           Victor Olofsson          40     1   2  2  
 2 Jake Evans               Eric Robinson            Thomas Spelling          30     1   2  2  
 3 Jesper Boqvist           Fredrik Olofsson         Maksim Sushko            20     1   2  2  
 4 Liam O'Brien             Kieffer Bellows          Stelio Mattheos          10     1   2  2  

5 vs 5 Defense 
   Defense                  Defense                                           Time % Phy DF OF 
 1 Anton Lindholm           Jalen Chatfield                                   40     1   2  2  
 2 Corey Shueneman          Jakub Zboril                                      30     1   2  2  
 3 Samuel Girard            Dylan Coghlan                                     20     1   2  2  
 4 Matthew Kiersted         Anton Lindholm                                    10     1   2  2  

PowerPlay Forward 
   Center                   Left Wing                Right Wing               Time % Phy DF OF 
 1 Antti Suomela            Hayden Hodgson           Victor Olofsson          60     1   2  2  
 2 Jake Evans               Eric Robinson            Thomas Spelling          40     1   2  2  

PowerPlay Defense
   Defense                  Defense                                           Time % Phy DF OF 
 1 Anton Lindholm           Jalen Chatfield                                   60     1   2  2  
 2 Corey Shueneman          Jakub Zboril                                      40     1   2  2  

Penalty Kill 4 Players Forward 
   Center                   Wing                     Time % Phy DF OF 
 1 Victor Olofsson          Antti Suomela            60     1   2  2  
 2 Jake Evans               Thomas Spelling          40     1   2  2  

Penalty Kill 4 Players Defense
   Defense                  Defense                  Time % Phy DF OF 
 1 Anton Lindholm           Jalen Chatfield          60     1   2  2  
 2 Corey Shueneman          Jakub Zboril             40     1   2  2  

Penalty Kill - 3 Players Forward 
   Forward                                           Time % Phy DF OF 
 1 Victor Olofsson                                   60     1   2  2  
 2 Antti Suomela                                     40     1   2  2  

Penalty Kill - 3 Players Defense
   Defense                  Defense                  Time % Phy DF OF 
 1 Anton Lindholm           Jalen Chatfield          60     1   2  2  
 2 Corey Shueneman          Jakub Zboril             40     1   2  2  

4 vs 4 Forward 
   Center                   Wing                     Time % Phy DF OF 
 1 Victor Olofsson          Antti Suomela            60     1   2  2  
 2 Jake Evans               Thomas Spelling          40     1   2  2  

4 vs 4 Defense
   Defense                  Defense                  Time % Phy DF OF 
 1 Anton Lindholm           Jalen Chatfield          60     1   2  2  
 2 Corey Shueneman          Jakub Zboril             40     1   2  2  

Last Minutes Offensive
   Center                   Left Wing                Right Wing               Defense                  Defense                  
   Antti Suomela            Hayden Hodgson           Victor Olofsson          Anton Lindholm           Jalen Chatfield          

Last Minutes Defensive
   Center                   Left Wing                Right Wing               Defense                  Defense                  
   Antti Suomela            Hayden Hodgson           Victor Olofsson          Anton Lindholm           Jalen Chatfield          

Goaltenders
Starting : Ebbe Siönäs              
Backup : Ukko-Pekka Luukkonen     

Extra Forwards
Normal : Sasha Chmelevski, Parker Kelly, Joona Koppanen - PP : Sasha Chmelevski, Parker Kelly - PK : Joona Koppanen
Extra Defensemen
Normal : Samuel Girard, Dylan Coghlan, Matthew Kiersted - PP : Samuel Girard - PK : Dylan Coghlan, Matthew Kiersted
Penalty Shots
Victor Olofsson, Antti Suomela, Jake Evans, Thomas Spelling, Hayden Hodgson

Scratches
Wade Allison (Healthy)

% Time on Ice - Bears

Lines # - Real PCT - Wanted PCT - Time Play
Normal Forward
1 - 32% - 40% - 14:46
2 - 27% - 30% - 12:40
3 - 26% - 20% - 11:59
4 - 15% - 10% - 6:42
Normal Defense
1 - 42% - 40% - 19:12
2 - 33% - 30% - 15:22
3 - 22% - 20% - 10:20
4 - 3% - 10% - 1:13
PP Forward
1 - 55% - 60% - 6:32
2 - 45% - 40% - 5:22
PP Defense
1 - 59% - 60% - 7:02
2 - 41% - 40% - 4:52
PK Forward
1 - 70% - 60% - 1:23
2 - 30% - 40% - 0:36
PK Defense
1 - 32% - 60% - 0:38
2 - 68% - 40% - 1:21
PK3 Forward
1 - 0% - 60%
2 - 0% - 40%
PK3 Defense
1 - 0% - 60%
2 - 0% - 40%
44 Forward
1 - 70% - 60% - 3:31
2 - 30% - 40% - 1:29
44 Defense
1 - 56% - 60% - 2:49
2 - 44% - 40% - 2:11
Last Minute Offensive  - 0:00
Last Minute Defensive  - 0:00
Total
Forward - 65:00
Defense - 65:00

% Time on Ice - Wolves

Lines # - Real PCT - Wanted PCT - Time Play
Normal Forward
1 - 35% - 40% - 16:14
2 - 26% - 30% - 11:55
3 - 25% - 20% - 11:24
4 - 14% - 10% - 6:34
Normal Defense
1 - 39% - 40% - 18:01
2 - 33% - 30% - 15:17
3 - 22% - 20% - 9:59
4 - 6% - 10% - 2:50
PP Forward
1 - 54% - 60% - 1:04
2 - 46% - 40% - 0:55
PP Defense
1 - 61% - 60% - 1:12
2 - 39% - 40% - 0:47
PK Forward
1 - 62% - 60% - 7:25
2 - 38% - 40% - 4:29
PK Defense
1 - 58% - 60% - 6:55
2 - 42% - 40% - 4:59
PK3 Forward
1 - 0% - 60%
2 - 0% - 40%
PK3 Defense
1 - 0% - 60%
2 - 0% - 40%
44 Forward
1 - 70% - 60% - 3:29
2 - 30% - 40% - 1:31
44 Defense
1 - 55% - 60% - 2:46
2 - 45% - 40% - 2:14
Last Minute Offensive  - 0:00
Last Minute Defensive  - 0:00
Total
Forward - 65:00
Defense - 65:00

Play-by-Play

1st period


0:01 of 1st period - Kerby Rychel wins face-off versus Antti Suomela in neutral zone.
0:11 of 1st period - Wrist shot by Victor Olofsson.
0:11 of 1st period - Shot Blocked by Ben Hutton.
0:14 of 1st period - Icing by Kerby Rychel.
0:15 of 1st period - Zach Stepan wins face-off versus Jake Evans in Bears zone.
0:28 of 1st period - Snap shot by Eric Robinson.
0:28 of 1st period - Shot Misses the Net.
0:30 of 1st period - Slapshot by Corey Shueneman.
0:30 of 1st period - Deflect By Eric Robinson.
0:30 of 1st period - Shot Misses the Net.
0:30 of 1st period - Puck is out of play.
0:31 of 1st period - Angelo Esposito wins face-off versus Jesper Boqvist in Bears zone.
0:31 of 1st period - Angelo Esposito is hit by Jesper Boqvist.
1:01 of 1st period - Snap shot by Antti Suomela.
1:01 of 1st period - Shot Misses the Net.
1:03 of 1st period - Snap shot by Victor Olofsson.
1:03 of 1st period - Shot Misses the Net.
1:05 of 1st period - Snap shot by Hayden Hodgson.
1:05 of 1st period - Shot Misses the Net.
1:07 of 1st period - Backhand shot by Samuel Girard.
1:07 of 1st period - Stopped by Magnus Hellberg without a rebound.
1:08 of 1st period - Liam O'Brien wins face-off versus Vincent Dunn in Bears zone.
1:17 of 1st period - Slapshot by Jamie McGinn.
1:17 of 1st period - Stopped by Ebbe Siönäs with a rebound.
1:19 of 1st period - Backhand shot by Derek Forbort.
1:19 of 1st period - Stopped by Ebbe Siönäs with a rebound.
1:21 of 1st period - Slapshot by Derek Forbort.
1:21 of 1st period - Shot Misses the Net.
1:23 of 1st period - Slapshot by Derek Forbort.
1:23 of 1st period - Deflect By Brett Bulmer.
1:23 of 1st period - Stopped by Ebbe Siönäs with a rebound.
1:33 of 1st period - Anton Lindholm is hit by Tommy Vannelli and loses puck.
1:39 of 1st period - Icing by Anton Lindholm.
1:40 of 1st period - Jake Evans wins face-off versus Zach Stepan in Wolves zone.
1:45 of 1st period - Backhand shot by Max Friberg.
1:45 of 1st period - Stopped by Ebbe Siönäs with a rebound.
2:05 of 1st period - Snap shot by Thomas Spelling.
2:05 of 1st period - Shot Misses the Net.
2:07 of 1st period - Slapshot by Jalen Chatfield.
2:07 of 1st period - Stopped by Magnus Hellberg with a rebound.
2:09 of 1st period - Wrist shot by Jalen Chatfield.
2:09 of 1st period - Shot Blocked by Ben Hutton.
2:11 of 1st period - Slapshot by Anton Lindholm.
2:11 of 1st period - Stopped by Magnus Hellberg without a rebound.
2:12 of 1st period - Angelo Esposito wins face-off versus Antti Suomela in Bears zone.
2:17 of 1st period - Antti Suomela is hit by Mike Hoffman and loses puck.
2:32 of 1st period - Snap shot by Victor Olofsson.
2:32 of 1st period - Shot Blocked by Mike Hoffman.
2:38 of 1st period - Snap shot by Victor Olofsson.
2:38 of 1st period - Stopped by Magnus Hellberg with a rebound.
2:40 of 1st period - Slapshot by Dylan Coghlan.
2:40 of 1st period - Stopped by Magnus Hellberg without a rebound.
2:41 of 1st period - Zach Stepan wins face-off versus Jesper Boqvist in Bears zone.
2:43 of 1st period - Minor Penalty to Kerby Rychel for Hooking.
2:44 of 1st period - Max Friberg wins face-off versus Antti Suomela in Bears zone.
3:14 of 1st period - Ben Hutton is hit by Thomas Spelling and loses puck.
4:43 of 1st period - Penalty to Kerby Rychel is over, Kerby Rychel is back on ice.
5:23 of 1st period - A.J. Jenks is hit by Anton Lindholm and loses puck.
5:48 of 1st period - Wrist shot by Mike Hoffman.
5:48 of 1st period - Stopped by Ebbe Siönäs with a rebound.
5:50 of 1st period - Snap shot by Mike Hoffman.
5:50 of 1st period - Stopped by Ebbe Siönäs with a rebound.
6:14 of 1st period - Jamie McGinn is hit by Thomas Spelling and loses puck.
6:54 of 1st period - Off-side.
6:55 of 1st period - Jake Evans wins face-off versus Zach Stepan in neutral zone.
7:08 of 1st period - Slapshot by Max Friberg.
7:08 of 1st period - Deflect By Kerby Rychel.
7:08 of 1st period - Stopped by Ebbe Siönäs with a rebound.
7:20 of 1st period - Snap shot by Nicolas Aube-Kubel.
7:20 of 1st period - Shot Misses the Net.
7:22 of 1st period - Slapshot by Derek Forbort.
7:22 of 1st period - Deflect By Angelo Esposito.
7:22 of 1st period - Stopped by Ebbe Siönäs with a rebound.
7:28 of 1st period - Snap shot by Mike Hoffman.
7:28 of 1st period - Stopped by Ebbe Siönäs without a rebound.
7:29 of 1st period - Jesper Boqvist wins face-off versus Austin Wuthrich in Wolves zone.
7:36 of 1st period - Snap shot by Fredrik Olofsson.
7:36 of 1st period - Stopped by Magnus Hellberg without a rebound.
7:37 of 1st period - Jesper Boqvist wins face-off versus Dylan Gambrell in Bears zone.
8:19 of 1st period - Icing by Antti Suomela.
8:20 of 1st period - Antti Suomela wins face-off versus Angelo Esposito in Wolves zone.
8:20 of 1st period - Antti Suomela is hit by Ben Hutton.
8:26 of 1st period - Ben Hutton is hit by Anton Lindholm and loses puck.
8:55 of 1st period - Slapshot by Jesper Boqvist.
8:55 of 1st period - Shot Blocked by Kerby Rychel.
8:57 of 1st period - Slapshot by Fredrik Olofsson.
8:57 of 1st period - Stopped by Magnus Hellberg without a rebound.
8:58 of 1st period - Angelo Esposito wins face-off versus Antti Suomela in Bears zone.
9:03 of 1st period - Snap shot by Antti Suomela.
9:03 of 1st period - Shot Blocked by Taylor Aronson.
9:05 of 1st period - Slapshot by Corey Shueneman.
9:05 of 1st period - Stopped by Magnus Hellberg without a rebound.
9:06 of 1st period - Mike Hoffman wins face-off versus Hayden Hodgson in Bears zone.
9:17 of 1st period - Slapshot by Victor Olofsson.
9:17 of 1st period - Stopped by Magnus Hellberg with a rebound.
9:19 of 1st period - Snap shot by Antti Suomela.
9:19 of 1st period - Shot Misses the Net.
9:21 of 1st period - Snap shot by Victor Olofsson.
9:21 of 1st period - Stopped by Magnus Hellberg with a rebound.
10:16 of 1st period - Snap shot by Anton Lindholm.
10:16 of 1st period - Deflect By Kieffer Bellows.
10:16 of 1st period - Shot Misses the Net.
10:16 of 1st period - Puck is out of play.
10:17 of 1st period - Liam O'Brien wins face-off versus Vincent Dunn in Bears zone.
10:18 of 1st period - Slapshot by Anton Lindholm.
10:18 of 1st period - Deflect By Kieffer Bellows.
10:18 of 1st period - Shot Misses the Net.
10:18 of 1st period - Puck is out of play.
10:19 of 1st period - Liam O'Brien wins face-off versus Zach Stepan in Bears zone.
11:00 of 1st period - Wrist shot by Antti Suomela.
11:00 of 1st period - Shot Misses the Net.
11:12 of 1st period - Wrist shot by Mike Hoffman.
11:12 of 1st period - Stopped by Ebbe Siönäs with a rebound.
11:43 of 1st period - Snap shot by Jesper Boqvist.
11:43 of 1st period - Stopped by Magnus Hellberg with a rebound.
12:12 of 1st period - Wrist shot by Max Friberg.
12:12 of 1st period - Stopped by Ebbe Siönäs without a rebound.
12:13 of 1st period - Max Friberg wins face-off versus Jake Evans in Wolves zone.
12:14 of 1st period - Snap shot by Kerby Rychel.
12:14 of 1st period - Shot Blocked by Thomas Spelling.
12:34 of 1st period - Minor Penalty to Eric Robinson for Tripping.
12:35 of 1st period - Zach Stepan wins face-off versus Victor Olofsson in Wolves zone.
12:48 of 1st period - Slapshot by Max Friberg.
12:48 of 1st period - Deflect By Zach Stepan.
12:48 of 1st period - Shot Misses the Net.
12:48 of 1st period - Puck is out of play.
12:49 of 1st period - Zach Stepan wins face-off versus Victor Olofsson in Wolves zone.
12:52 of 1st period - Snap shot by Max Friberg.
12:52 of 1st period - Stopped by Ebbe Siönäs with a rebound.
12:54 of 1st period - Snap shot by Joey Laleggia.
12:54 of 1st period - Shot Misses the Net.
12:56 of 1st period - Wrist shot by Zach Stepan.
12:56 of 1st period - Stopped by Ebbe Siönäs without a rebound.
12:57 of 1st period - Victor Olofsson wins face-off versus Zach Stepan in Wolves zone.
13:02 of 1st period - Snap shot by Max Friberg.
13:02 of 1st period - Stopped by Ebbe Siönäs with a rebound.
13:04 of 1st period - Slapshot by Max Friberg.
13:04 of 1st period - Shot Misses the Net.
13:06 of 1st period - Snap shot by Zach Stepan.
13:06 of 1st period - Stopped by Ebbe Siönäs with a rebound.
13:08 of 1st period - Slapshot by Joey Laleggia.
13:08 of 1st period - Shot Blocked by Antti Suomela.
13:10 of 1st period - Wrist shot by Max Friberg.
13:10 of 1st period - Shot Misses the Net.
13:12 of 1st period - Slapshot by Kerby Rychel.
13:12 of 1st period - Shot Misses the Net.
13:30 of 1st period - Corey Shueneman is hit by Nicolas Aube-Kubel.
14:34 of 1st period - Penalty to Eric Robinson is over, Eric Robinson is back on ice.
15:07 of 1st period - Wrist shot by Thomas Spelling.
15:07 of 1st period - Stopped by Magnus Hellberg without a rebound.
15:08 of 1st period - Vincent Dunn wins face-off versus Jake Evans in Bears zone.
15:17 of 1st period - Wrist shot by Jamie McGinn.
15:17 of 1st period - Stopped by Ebbe Siönäs with a rebound.
15:58 of 1st period - Snap shot by A.J. Jenks.
15:58 of 1st period - Shot Misses the Net.
16:00 of 1st period - Slapshot by Austin Wuthrich.
16:00 of 1st period - Deflect By A.J. Jenks.
16:00 of 1st period - Goal by A.J. Jenks - Bears : 1 - Wolves : 0.
16:01 of 1st period - Zach Stepan wins face-off versus Antti Suomela in neutral zone.
16:04 of 1st period - Slapshot by Max Friberg.
16:04 of 1st period - Shot Misses the Net.
16:14 of 1st period - Snap shot by Max Friberg.
16:14 of 1st period - Stopped by Ebbe Siönäs with a rebound.
16:28 of 1st period - Jake Evans is hit by Ben Hutton and loses puck.
16:35 of 1st period - Wrist shot by Nicolas Aube-Kubel.
16:35 of 1st period - Stopped by Ebbe Siönäs with a rebound.
17:57 of 1st period - Slapshot by Mike Hoffman.
17:57 of 1st period - Shot Blocked by Jalen Chatfield.
18:40 of 1st period - Minor Penalty to Anton Lindholm for High sticking.
18:41 of 1st period - Victor Olofsson wins face-off versus Zach Stepan in Wolves zone.
Goals for this period are 1 for Bears vs 0 for Wolves.
Shots for this period are 19 for Bears vs 12 for Wolves.

2nd period


0:01 of 2nd period - Zach Stepan wins face-off versus Victor Olofsson in neutral zone.
0:08 of 2nd period - Wrist shot by Antti Suomela.
0:08 of 2nd period - Shot Blocked by Joey Laleggia.
0:20 of 2nd period - Victor Olofsson is hit by Ben Hutton.
0:30 of 2nd period - Slapshot by Jake Evans.
0:30 of 2nd period - Stopped by Magnus Hellberg with a rebound.
0:32 of 2nd period - Slapshot by Jalen Chatfield.
0:32 of 2nd period - Shot Misses the Net.
0:34 of 2nd period - Wrist shot by Jake Evans.
0:34 of 2nd period - Shot Misses the Net.
0:36 of 2nd period - Wrist shot by Thomas Spelling.
0:36 of 2nd period - Stopped by Magnus Hellberg with a rebound.
0:40 of 2nd period - Penalty to Anton Lindholm is over, Anton Lindholm is back on ice.
0:52 of 2nd period - Jalen Chatfield is hit by Brett Bulmer and loses puck.
1:15 of 2nd period - Slapshot by A.J. Jenks.
1:15 of 2nd period - Stopped by Ebbe Siönäs with a rebound.
1:17 of 2nd period - Snap shot by Austin Wuthrich.
1:17 of 2nd period - Shot Blocked by Corey Shueneman.
1:26 of 2nd period - Icing by Ben Hutton.
1:27 of 2nd period - Antti Suomela wins face-off versus Zach Stepan in Bears zone.
1:30 of 2nd period - Slapshot by Antti Suomela.
1:30 of 2nd period - Stopped by Magnus Hellberg with a rebound.
1:40 of 2nd period - Snap shot by Max Friberg.
1:40 of 2nd period - Shot Blocked by Victor Olofsson.
1:42 of 2nd period - Snap shot by Joey Laleggia.
1:42 of 2nd period - Stopped by Ebbe Siönäs with a rebound.
2:36 of 2nd period - Corey Shueneman is hit by Zach Stepan and loses puck.
2:43 of 2nd period - Snap shot by Kerby Rychel.
2:43 of 2nd period - Shot Misses the Net.
3:35 of 2nd period - Maksim Sushko is hit by A.J. Jenks and loses puck.
3:43 of 2nd period - Slapshot by Taylor Aronson.
3:43 of 2nd period - Deflect By A.J. Jenks.
3:43 of 2nd period - Goal by A.J. Jenks - Bears : 2 - Wolves : 0.
3:44 of 2nd period - Zach Stepan wins face-off versus Antti Suomela in neutral zone.
4:29 of 2nd period - Snap shot by Victor Olofsson.
4:29 of 2nd period - Shot Misses the Net.
4:53 of 2nd period - Snap shot by A.J. Jenks.
4:53 of 2nd period - Stopped by Ebbe Siönäs with a rebound.
5:11 of 2nd period - Snap shot by Victor Olofsson.
5:11 of 2nd period - Stopped by Magnus Hellberg with a rebound.
5:18 of 2nd period - Joey Laleggia is hit by Victor Olofsson.
5:38 of 2nd period - Slapshot by Victor Olofsson.
5:38 of 2nd period - Shot Blocked by Ben Hutton.
5:48 of 2nd period - Anton Lindholm is hit by Joey Laleggia and loses puck.
6:14 of 2nd period - Minor Penalty to Antti Suomela for Holding.
6:15 of 2nd period - Jake Evans wins face-off versus Zach Stepan in Wolves zone.
6:42 of 2nd period - Jakub Zboril is hit by Mike Hoffman and loses puck.
7:01 of 2nd period - Nicolas Aube-Kubel is hit by Jakub Zboril and loses puck.
7:08 of 2nd period - Joona Koppanen is hit by Nicolas Aube-Kubel.
8:00 of 2nd period - Thomas Spelling is hit by Derek Forbort.
8:14 of 2nd period - Penalty to Antti Suomela is over, Antti Suomela is back on ice.
8:20 of 2nd period - Kieffer Bellows is hit by Mikko Vainonen and loses puck.
8:30 of 2nd period - Icing by Matthew Kiersted.
8:31 of 2nd period - Liam O'Brien wins face-off versus Zach Stepan in Wolves zone.
8:43 of 2nd period - Liam O'Brien is hit by Ben Hutton and loses puck.
9:08 of 2nd period - Off-side.
9:09 of 2nd period - Jake Evans wins face-off versus Vincent Dunn in neutral zone.
9:49 of 2nd period - Minor Penalty to Maksim Sushko for Holding.
9:50 of 2nd period - Victor Olofsson wins face-off versus Zach Stepan in Wolves zone.
10:05 of 2nd period - Snap shot by Zach Stepan.
10:05 of 2nd period - Stopped by Ebbe Siönäs without a rebound.
10:06 of 2nd period - Kerby Rychel wins face-off versus Victor Olofsson in Wolves zone.
11:49 of 2nd period - Penalty to Maksim Sushko is over, Maksim Sushko is back on ice.
11:54 of 2nd period - Slapshot by Fredrik Olofsson.
11:54 of 2nd period - Shot Misses the Net.
11:56 of 2nd period - Wrist shot by Maksim Sushko.
11:56 of 2nd period - Goal by Maksim Sushko - Bears : 2 - Wolves : 1.
11:57 of 2nd period - Zach Stepan wins face-off versus Jake Evans in neutral zone.
12:06 of 2nd period - Snap shot by Thomas Spelling.
12:06 of 2nd period - Stopped by Magnus Hellberg without a rebound.
12:07 of 2nd period - Zach Stepan wins face-off versus Eric Robinson in Bears zone.
12:24 of 2nd period - Wrist shot by Thomas Spelling.
12:24 of 2nd period - Goal by Thomas Spelling - Bears : 2 - Wolves : 2.
12:25 of 2nd period - Antti Suomela wins face-off versus Zach Stepan in neutral zone.
12:38 of 2nd period - Snap shot by Victor Olofsson.
12:38 of 2nd period - Shot Misses the Net.
13:18 of 2nd period - Eric Robinson is hit by Jamie McGinn and loses puck.
13:27 of 2nd period - Wrist shot by Vincent Dunn.
13:27 of 2nd period - Shot Misses the Net.
13:29 of 2nd period - Slapshot by Vincent Dunn.
13:29 of 2nd period - Stopped by Ebbe Siönäs without a rebound.
13:30 of 2nd period - Antti Suomela wins face-off versus Zach Stepan in Wolves zone.
13:41 of 2nd period - Snap shot by Max Friberg.
13:41 of 2nd period - Shot Misses the Net.
13:43 of 2nd period - Snap shot by Zach Stepan.
13:43 of 2nd period - Shot Blocked by Anton Lindholm.
13:45 of 2nd period - Snap shot by Zach Stepan.
13:45 of 2nd period - Shot Blocked by Hayden Hodgson.
13:55 of 2nd period - Fredrik Olofsson is hit by Mike Hoffman and loses puck.
14:00 of 2nd period - Snap shot by Nicolas Aube-Kubel.
14:00 of 2nd period - Goal by Nicolas Aube-Kubel - Bears : 3 - Wolves : 2.
14:01 of 2nd period - Zach Stepan wins face-off versus Antti Suomela in neutral zone.
14:04 of 2nd period - Victor Olofsson is hit by Kerby Rychel.
14:33 of 2nd period - Snap shot by Jake Evans.
14:33 of 2nd period - Stopped by Magnus Hellberg with a rebound.
15:46 of 2nd period - Angelo Esposito is hit by Samuel Girard and loses puck.
16:31 of 2nd period - Snap shot by Jamie McGinn.
16:31 of 2nd period - Shot Misses the Net.
16:33 of 2nd period - Slapshot by Taylor Aronson.
16:33 of 2nd period - Deflect By Brett Bulmer.
16:33 of 2nd period - Shot Blocked by Dylan Coghlan.
16:33 of 2nd period - Puck is out of play.
16:34 of 2nd period - Antti Suomela wins face-off versus Zach Stepan in Wolves zone.
16:47 of 2nd period - Wrist shot by Kerby Rychel.
16:47 of 2nd period - Stopped by Ebbe Siönäs with a rebound.
16:49 of 2nd period - Slapshot by Mikko Vainonen.
16:49 of 2nd period - Shot Misses the Net.
17:24 of 2nd period - Jakub Zboril is hit by Dylan Gambrell and loses puck.
17:28 of 2nd period - Icing by Fredrik Olofsson.
17:29 of 2nd period - Jesper Boqvist wins face-off versus Zach Stepan in Wolves zone.
17:42 of 2nd period - Wrist shot by Max Friberg.
17:42 of 2nd period - Shot Misses the Net.
17:44 of 2nd period - Snap shot by Taylor Aronson.
17:44 of 2nd period - Stopped by Ebbe Siönäs with a rebound.
18:05 of 2nd period - Wrist shot by Victor Olofsson.
18:05 of 2nd period - Stopped by Magnus Hellberg with a rebound.
18:16 of 2nd period - Minor Penalty to Jake Evans for Hooking.
18:17 of 2nd period - Victor Olofsson wins face-off versus Kerby Rychel in Wolves zone.
18:24 of 2nd period - Slapshot by Anton Lindholm.
18:24 of 2nd period - Shot Blocked by Max Friberg.
Goals for this period are 2 for Bears vs 2 for Wolves.
Shots for this period are 9 for Bears vs 9 for Wolves.

3rd period


0:01 of 3rd period - Victor Olofsson wins face-off versus Zach Stepan in neutral zone.
0:13 of 3rd period - Wrist shot by Max Friberg.
0:13 of 3rd period - Deflect By Victor Olofsson.
0:13 of 3rd period - Shot Blocked by Jalen Chatfield.
0:13 of 3rd period - Puck is out of play.
0:14 of 3rd period - Victor Olofsson wins face-off versus Zach Stepan in Wolves zone.
0:16 of 3rd period - Penalty to Jake Evans is over, Jake Evans is back on ice.
0:51 of 3rd period - Taylor Aronson is hit by Jalen Chatfield and loses puck.
1:06 of 3rd period - Slapshot by Thomas Spelling.
1:06 of 3rd period - Stopped by Magnus Hellberg without a rebound.
1:07 of 3rd period - Angelo Esposito wins face-off versus Antti Suomela in Bears zone.
1:42 of 3rd period - Icing by Corey Shueneman.
1:43 of 3rd period - Jesper Boqvist wins face-off versus Zach Stepan in Wolves zone.
2:20 of 3rd period - Snap shot by Fredrik Olofsson.
2:20 of 3rd period - Stopped by Magnus Hellberg with a rebound.
2:22 of 3rd period - Wrist shot by Maksim Sushko.
2:22 of 3rd period - Stopped by Magnus Hellberg without a rebound.
2:23 of 3rd period - Angelo Esposito wins face-off versus Antti Suomela in Bears zone.
2:32 of 3rd period - Hayden Hodgson is hit by Nicolas Aube-Kubel.
2:53 of 3rd period - Snap shot by Austin Wuthrich.
2:53 of 3rd period - Shot Blocked by Eric Robinson.
2:55 of 3rd period - Wrist shot by A.J. Jenks.
2:55 of 3rd period - Shot Blocked by Jalen Chatfield.
2:57 of 3rd period - Snap shot by Austin Wuthrich.
2:57 of 3rd period - Stopped by Ebbe Siönäs with a rebound.
4:39 of 3rd period - Slapshot by Anton Lindholm.
4:39 of 3rd period - Deflect By Fredrik Olofsson.
4:39 of 3rd period - Shot Misses the Net.
4:39 of 3rd period - Puck is out of play.
4:40 of 3rd period - Zach Stepan wins face-off versus Antti Suomela in Bears zone.
4:40 of 3rd period - Mikko Vainonen is hit by Anton Lindholm and loses puck.
4:46 of 3rd period - Mikko Vainonen is hit by Hayden Hodgson and loses puck.
4:55 of 3rd period - Wrist shot by Kerby Rychel.
4:55 of 3rd period - Shot Misses the Net.
5:15 of 3rd period - Snap shot by Eric Robinson.
5:15 of 3rd period - Stopped by Magnus Hellberg without a rebound.
5:16 of 3rd period - Zach Stepan wins face-off versus Hayden Hodgson in Bears zone.
5:21 of 3rd period - Wrist shot by Max Friberg.
5:21 of 3rd period - Shot Misses the Net.
5:40 of 3rd period - Minor Penalty to Jake Evans for Roughing.
5:41 of 3rd period - Victor Olofsson wins face-off versus Zach Stepan in Wolves zone.
5:53 of 3rd period - Slapshot by Kerby Rychel.
5:53 of 3rd period - Stopped by Ebbe Siönäs without a rebound.
5:54 of 3rd period - Zach Stepan wins face-off versus Victor Olofsson in Wolves zone.
6:09 of 3rd period - Snap shot by Kerby Rychel.
6:09 of 3rd period - Shot Blocked by Anton Lindholm.
7:00 of 3rd period - Icing by Max Friberg.
7:01 of 3rd period - Zach Stepan wins face-off versus Victor Olofsson in Bears zone.
7:40 of 3rd period - Penalty to Jake Evans is over, Jake Evans is back on ice.
7:45 of 3rd period - Off-side.
7:46 of 3rd period - Dylan Gambrell wins face-off versus Maksim Sushko in neutral zone.
7:46 of 3rd period - Taylor Aronson is hit by Maksim Sushko.
8:17 of 3rd period - Slapshot by Taylor Aronson.
8:17 of 3rd period - Shot Blocked by Corey Shueneman.
8:19 of 3rd period - Slapshot by Taylor Aronson.
8:19 of 3rd period - Deflect By Dylan Gambrell.
8:19 of 3rd period - Shot Blocked by Corey Shueneman.
8:19 of 3rd period - Puck is out of play.
8:20 of 3rd period - Antti Suomela wins face-off versus Zach Stepan in Wolves zone.
8:37 of 3rd period - Victor Olofsson is hit by Ben Hutton and loses puck.
8:51 of 3rd period - Off-side.
8:52 of 3rd period - Nicolas Aube-Kubel wins face-off versus Jesper Boqvist in neutral zone.
9:27 of 3rd period - Backhand shot by Thomas Spelling.
9:27 of 3rd period - Stopped by Magnus Hellberg with a rebound.
9:29 of 3rd period - Snap shot by Eric Robinson.
9:29 of 3rd period - Goal by Eric Robinson - Bears : 3 - Wolves : 3.
9:30 of 3rd period - Antti Suomela wins face-off versus Zach Stepan in neutral zone.
9:56 of 3rd period - Angelo Esposito is hit by Jake Evans.
10:50 of 3rd period - Off-side.
10:51 of 3rd period - Antti Suomela wins face-off versus Zach Stepan in neutral zone.
11:17 of 3rd period - Angelo Esposito is hit by Thomas Spelling and loses puck.
11:40 of 3rd period - Slapshot by Samuel Girard.
11:40 of 3rd period - Deflect By Mikko Vainonen.
11:40 of 3rd period - Stopped by Magnus Hellberg with a rebound.
11:42 of 3rd period - Wrist shot by Fredrik Olofsson.
11:42 of 3rd period - Deflect By Jesper Boqvist.
11:42 of 3rd period - Stopped by Magnus Hellberg with a rebound.
12:44 of 3rd period - Snap shot by Antti Suomela.
12:44 of 3rd period - Shot Misses the Net.
13:05 of 3rd period - Off-side.
13:06 of 3rd period - Vincent Dunn wins face-off versus Jesper Boqvist in neutral zone.
13:11 of 3rd period - Snap shot by Joey Laleggia.
13:11 of 3rd period - Stopped by Ebbe Siönäs with a rebound.
13:13 of 3rd period - Slapshot by Joey Laleggia.
13:13 of 3rd period - Shot Blocked by Jalen Chatfield.
13:15 of 3rd period - Slapshot by Joey Laleggia.
13:15 of 3rd period - Shot Misses the Net.
13:17 of 3rd period - Wrist shot by Brett Bulmer.
13:17 of 3rd period - Shot Hit the Post.
14:17 of 3rd period - Slapshot by Liam O'Brien.
14:17 of 3rd period - Deflect By Stelio Mattheos.
14:17 of 3rd period - Shot Blocked by Joey Laleggia.
14:17 of 3rd period - Puck is out of play.
14:18 of 3rd period - Zach Stepan wins face-off versus Liam O'Brien in Bears zone.
14:34 of 3rd period - Wrist shot by Max Friberg.
14:34 of 3rd period - Shot Misses the Net.
14:53 of 3rd period - Angelo Esposito is hit by Jalen Chatfield and loses puck.
15:17 of 3rd period - Slapshot by Fredrik Olofsson.
15:17 of 3rd period - Shot Blocked by A.J. Jenks.
15:19 of 3rd period - Backhand shot by Fredrik Olofsson.
15:19 of 3rd period - Stopped by Magnus Hellberg without a rebound.
15:20 of 3rd period - Zach Stepan wins face-off versus Jesper Boqvist in Bears zone.
15:30 of 3rd period - Slapshot by Joey Laleggia.
15:30 of 3rd period - Shot Misses the Net.
15:32 of 3rd period - Wrist shot by Kerby Rychel.
15:32 of 3rd period - Stopped by Ebbe Siönäs with a rebound.
15:34 of 3rd period - Wrist shot by Kerby Rychel.
15:34 of 3rd period - Stopped by Ebbe Siönäs without a rebound.
15:35 of 3rd period - Antti Suomela wins face-off versus Zach Stepan in Wolves zone.
16:10 of 3rd period - Snap shot by Dylan Gambrell.
16:10 of 3rd period - Shot Misses the Net.
16:12 of 3rd period - Slapshot by Joey Laleggia.
16:12 of 3rd period - Stopped by Ebbe Siönäs with a rebound.
16:14 of 3rd period - Snap shot by A.J. Jenks.
16:14 of 3rd period - Shot Blocked by Corey Shueneman.
16:26 of 3rd period - Slapshot by Jakub Zboril.
16:26 of 3rd period - Shot Misses the Net.
16:28 of 3rd period - Wrist shot by Jakub Zboril.
16:28 of 3rd period - Shot Misses the Net.
16:30 of 3rd period - Snap shot by Thomas Spelling.
16:30 of 3rd period - Shot Misses the Net.
17:04 of 3rd period - Max Friberg is hit by Antti Suomela and loses puck.
17:09 of 3rd period - Snap shot by Antti Suomela.
17:09 of 3rd period - Shot Misses the Net.
17:17 of 3rd period - Kerby Rychel is hit by Victor Olofsson and loses puck.
17:30 of 3rd period - Snap shot by Dylan Gambrell.
17:30 of 3rd period - Shot Blocked by Samuel Girard.
17:32 of 3rd period - Snap shot by Derek Forbort.
17:32 of 3rd period - Shot Blocked by Dylan Coghlan.
17:34 of 3rd period - Snap shot by Austin Wuthrich.
17:34 of 3rd period - Stopped by Ebbe Siönäs with a rebound.
17:36 of 3rd period - Slapshot by Tommy Vannelli.
17:36 of 3rd period - Stopped by Ebbe Siönäs with a rebound.
18:30 of 3rd period - Snap shot by Max Friberg.
18:30 of 3rd period - Deflect By Zach Stepan.
18:30 of 3rd period - Stopped by Ebbe Siönäs with a rebound.
18:32 of 3rd period - Slapshot by Max Friberg.
18:32 of 3rd period - Shot Misses the Net.
18:34 of 3rd period - Slapshot by Mikko Vainonen.
18:34 of 3rd period - Stopped by Ebbe Siönäs with a rebound.
18:36 of 3rd period - Snap shot by Mikko Vainonen.
18:36 of 3rd period - Stopped by Ebbe Siönäs with a rebound.
19:51 of 3rd period - Slapshot by Corey Shueneman.
19:51 of 3rd period - Shot Misses the Net.
Goals for this period are 0 for Bears vs 1 for Wolves.
Shots for this period are 11 for Bears vs 9 for Wolves.

Overtime #1


0:01 of 1st overtime period - Victor Olofsson wins face-off versus Max Friberg in neutral zone.
0:06 of 1st overtime period - Snap shot by Antti Suomela.
0:06 of 1st overtime period - Stopped by Magnus Hellberg with a rebound.
1:23 of 1st overtime period - Wrist shot by Mike Hoffman.
1:23 of 1st overtime period - Stopped by Ebbe Siönäs without a rebound.
1:24 of 1st overtime period - Victor Olofsson wins face-off versus Max Friberg in Wolves zone.
1:37 of 1st overtime period - Max Friberg is hit by Antti Suomela and loses puck.
2:06 of 1st overtime period - Wrist shot by Nicolas Aube-Kubel.
2:06 of 1st overtime period - Stopped by Ebbe Siönäs without a rebound.
2:07 of 1st overtime period - Victor Olofsson wins face-off versus Max Friberg in Wolves zone.
2:18 of 1st overtime period - Corey Shueneman is hit by Joey Laleggia and loses puck.
2:43 of 1st overtime period - Icing by Joey Laleggia.
2:44 of 1st overtime period - Nicolas Aube-Kubel wins face-off versus Victor Olofsson in Bears zone.
2:58 of 1st overtime period - Nicolas Aube-Kubel is hit by Jalen Chatfield and loses puck.
3:58 of 1st overtime period - Ben Hutton is hit by Jalen Chatfield and loses puck.
4:07 of 1st overtime period - Anton Lindholm is hit by A.J. Jenks and loses puck.
4:22 of 1st overtime period - Anton Lindholm is hit by Joey Laleggia and loses puck.
4:35 of 1st overtime period - Joey Laleggia is hit by Jake Evans and loses puck.
4:42 of 1st overtime period - Wrist shot by Thomas Spelling.
4:42 of 1st overtime period - Shot Misses the Net.
4:57 of 1st overtime period - Icing by Nicolas Aube-Kubel.
4:58 of 1st overtime period - Jamie McGinn wins face-off versus Victor Olofsson in Bears zone.
Goals for this period are 0 for Bears vs 0 for Wolves.
Shots for this period are 2 for Bears vs 1 for Wolves.

ShootOut


5:00 of 1st overtime period - Round #1.
5:00 of 1st overtime period - Bears, Max Friberg.
5:00 of 1st overtime period - Deke by Max Friberg.
5:00 of 1st overtime period - Goal by Max Friberg.
5:00 of 1st overtime period - Wolves, Victor Olofsson.
5:00 of 1st overtime period - Backhand shot by Victor Olofsson.
5:00 of 1st overtime period - Stopped by Magnus Hellberg.
5:00 of 1st overtime period - Round #2.
5:00 of 1st overtime period - Bears, Kerby Rychel.
5:00 of 1st overtime period - Deke by Kerby Rychel.
5:00 of 1st overtime period - Goal by Kerby Rychel.
5:00 of 1st overtime period - Wolves, Antti Suomela.
5:00 of 1st overtime period - Wrist shot by Antti Suomela.
5:00 of 1st overtime period - Stopped by Magnus Hellberg.
5:00 of 1st overtime period - Round #3.